 Seeded DCSS version 0.30-a0-757-ga6a79fd877 (webtiles) character file.

Game seed: 10800580073305961336 (custom seed)

0 BigDaddyOpFi the Grave Robber (level 1, 0/14 HPs)
             Began as a Hill Orc Necromancer on Feb 9, 2023.
             Slain by an adder (1 damage)
             ... on level 2 of the Dungeon.
             The game lasted 00:00:21 (128 turns).

BigDaddyOpFi the Grave Robber (Hill Orc Necromancer) Turns: 128, Time: 00:00:22

Health: 0/14       AC:  2    Str: 10    XL:     1   Next: 10%
Magic:  0/3        EV: 12    Int: 15    God:
Gold:   32         SH:  0    Dex: 11    Spells: 2/3 levels left

rFire   . . .      SeeInvis .    e - +0 rapier
rCold   . . .      Faith    .    (no shield)
rNeg    . . .      Spirit   .    a - +0 robe
rPois   .          Reflect  .    (no helmet)
rElec   .          Harm     .    d - scarf {shadows}
rCorr   .          Rampage  .    (no gloves)
Will    .....                    (no boots)
Stlth   ++                       (no amulet)
HPRegen 0.22/turn                (no ring)
MPRegen 0.08/turn                (no ring)

@: lethally poisoned (0 -> -3), about to teleport
A: no striking features
a: no special abilities


You were on level 2 of the Dungeon.
You visited 1 branch of the dungeon, and saw 2 of its levels.

You collected 32 gold pieces.

Inventory:

Hand Weapons
 e - a +0 rapier (weapon)
Armour
 a - a +0 robe (worn)
 d - a scarf of shadows (worn)
Potions
 b - a potion of magic


   Skills:
 + Level 1.5 Dodging
 + Level 1.5 Stealth
 + Level 1.5 Spellcasting
 + Level 4.0 Necromancy


You had 2 spell levels left.
You knew the following spells:

 Your Spells              Type           Power      Damage    Failure   Level
a - Necrotise             Necr           52%        1d6       4%          1

Your spell library contained the following spells:

 Spells                   Type           Power      Damage    Failure   Level
 Vampiric Draining        Necr           13%        2d6       14%         3
 Animate Dead             Necr           13%        N/A       41%         4
 Agony                    Necr           13%        N/A       77%         5


Dungeon Overview and Level Annotations

Branches:
Dungeon (2/15)

Altars:


Message History

e - a +0 rapier You can't see any susceptible monsters within range! (Use Z to cast anyway.) No target in view!
You can't see any susceptible monsters within range! (Use Z to cast anyway.) No target in view!
You can't see any susceptible monsters within range! (Use Z to cast anyway.)
An adder comes into view.
The adder hisses angrily.
You hear an angry hiss.
The adder bites you. The adder barely misses you.
The adder writhes in agony.
The adder bites you.
The adder writhes in agony.
The adder bites you. The frilled lizard barely misses you.
The adder writhes in agony.
The adder bites you but does no damage. The adder closely misses you.
The frilled lizard closely misses you.
You are out of magic!
Really attack while wielding nothing? [Y]es or [N]o only, please.
Really attack while wielding nothing?
Okay, then.
e - a +0 rapier (weapon)
You hit the adder.
The adder is almost dead.
The adder bites you. The frilled lizard closely misses you.
The adder barely misses you.
You barely miss the adder.
The adder is almost dead.
The frilled lizard bites you. The adder bites you.
* * * LOW HITPOINT WARNING * * *
You are lethally poisoned!
The adder poisons you!
Casting: Necrotise (safe; 4% risk of failure)
Confirm with . or Enter, or press ? or * to list all spells.
You don't have enough magic to cast this spell.
Unknown command.
Okay, then.
As you read the scroll labelled QAJYVUAWKE, it crumbles to dust.
You feel strangely unstable.
It was a scroll of teleportation.
* * * LOW HITPOINT WARNING * * *
You feel sick. The adder bites you.
You die...

#### ###...
#....# #....#
########....###.
#......##Sl.....
#.###....@.#
##..###..<...
#...# ###### #
#.#.# #.##.#.#
####### #......#
#.....# ####.###
#.....# ##.###
#.....#
##....####.....#


You could see an adder and a frilled lizard.

Vanquished Creatures
  A rat (D:1)
1 creature vanquished.

Notes
Turn   | Place    | Note
-------+----------+-------------------------------------------
     0 | D:1      | BigDaddyOpFi the Hill Orc Necromancer began the quest for
                  | the Orb.
     0 | D:1      | Reached XP level 1. HP: 14/14 MP: 3/3
    89 | D:1      | You fall into a shaft and drop 1 floor!
   128 | D:2      | Slain by an adder

Illustrated notes

Levels and vault maps discovered:
D:1:      dpeg_arrival_arbitrary_a, layout_basic
D:2:      minmay_wonky_spiral, layout_loops_cross, serial_shops,
          nicolae_shop_trees, minmay_misc_feat_tower,
          chequers_serial_rivers_micro_a, uniq_jessica

Action                     || total
---------------------------++-------
  Melee: Rapier            ||     2
   Cast: Necrotise         ||     4
    Use: Scroll            ||     1
 Armour: Robe              ||     2
  Dodge: Dodged            ||     6

Table legend: (Time is in decaauts)
 A = Elapsed time spent in this place.
 B = Non-inter-level travel time spent in this place.
 C = Inter-level travel time spent in this place.
 D = Time resting spent in this place.
 E = Time spent auto-exploring this place.
 F = Levels seen in this place.
 G = Mean time per level.
                   A        B        C        D        E       F      G
               +--------+--------+--------+--------+--------+-----+--------+
         Total |    127 |    127 |      0 |      0 |     96 |   2 |   63.5 |
       Dungeon |    127 |    127 |      0 |      0 |     96 |   2 |   63.5 |
               +--------+--------+--------+--------+--------+-----+--------+

Top non-repeatable levels by time:
     D:1: 89 daAuts
     D:2: 38 daAuts
